 Dungeon Crawl Stone Soup version 0.28.0-53-g5a82cb258f (webtiles) character file.

Game seed: 10970856937770329683

2258 Plasmagod the Thaumaturge (level 9, -2/46 HPs)
             Began as a Deep Elf Conjurer on July 21, 2022.
             Slain by Maggie
             ... wielding a +2 long sword of distortion
              (10 damage)
             ... on level 7 of the Dungeon.
             The game lasted 00:29:50 (8135 turns).

Plasmagod the Thaumaturge (Deep Elf Conjurer)       Turns: 8135, Time: 00:29:51

Health: -2/46      AC:  9    Str:  1 (4)  XL:     9   Next: 15%
Magic:  21/24      EV: 13    Int: 27 (28) God:
Gold:   345        SH:  0    Dex: 11 (13) Spells: 9/26 levels left

rFire   . . .      SeeInvis +   k - staff of air
rCold   . . .      Faith    .   (no shield)
rNeg    . . .      Spirit   .   a - +0 robe
rPois   .          Reflect  .   j - +0 helmet
rElec   +          Harm     .   x - +2 cloak
rCorr   .          Rampage  .   q - +1 pair of gloves
Will    +....                   v - +0 pair of boots
Stlth   +++.......              (no amulet)
HPRegen 0.15/turn               s - ring of see invisible
MPRegen 0.19/turn               r - ring of willpower

@: mesmerised
A: no striking features
a: no special abilities


You were on level 7 of the Dungeon.
You visited 2 branches of the dungeon, and saw 8 of its levels.
You also visited: Sewer.

You collected 345 gold pieces.

Inventory:

Hand Weapons
 m - a +3 short sword of flaming
Armour
 a - a +0 robe (worn)
 g - a +0 leather armour
 j - a +0 helmet (worn)
 q - a +1 pair of gloves (worn)
 v - a +0 pair of boots (worn)
 x - a +2 cloak (worn)
Magical Staves
 k - a staff of air (weapon)
Jewellery
 b - a ring of resist corrosion
 n - a ring of fire
 r - a ring of willpower (right hand)
 s - a ring of see invisible (left hand)
Wands
 z - a wand of paralysis (9)
Scrolls
 c - 2 scrolls of teleportation
 d - a scroll of silence
 h - 7 scrolls of identify
 t - a scroll of fog {unknown}
 y - 4 scrolls of holy word {unknown}
 A - 4 scrolls of amnesia {unknown}
 B - a scroll of magic mapping {unknown}
Potions
 e - a potion of resistance
 f - 2 potions of might
 i - 5 potions of brilliance
 l - a potion of cancellation
 o - a potion of flight {unknown}
 u - a potion of heal wounds {unknown}
 w - a potion of degeneration
 C - a potion of mutation {unknown}


   Skills:
 + Level 0.8 Fighting
 + Level 1.7 Staves
 * Level 3.5 Armour
 + Level 4.2 Dodging
 + Level 4.5 Stealth
 + Level 0.2 Unarmed Combat
 + Level 9.1 Spellcasting
 + Level 8.1 Conjurations
 + Level 1.2 Hexes
 + Level 4.6 Translocations


You had 9 spell levels left.
You knew the following spells:

 Your Spells              Type           Power      Damage    Failure   Level
a - Magic Dart            Conj           100%       1d8       1%          1
b - Searing Ray           Conj           100%       2d8       1%          2
c - Fulminant Prism       Conj/Hex       18%        3d11      7%          4
d - Gell's Gravitas       Tloc           37%        N/A       1%          3
e - Iskenderun's Mystic   Conj/Tloc      46%        2d10      3%          4
f - Dazzling Flash        Conj/Hex       74%        N/A       1%          3

Your spell library contained the following spells:

 Spells                   Type           Power      Damage    Failure   Level
 Lesser Beckoning         Tloc           37%        N/A       1%          3
 Teleport Other           Tloc           37%        N/A       1%          3
 Beastly Appendage        Tmut           24%        N/A       4%          1
 Wereblood                Tmut           12%        N/A       7%          2
 Spider Form              Tmut/Pois      12%        N/A       14%         3


Dungeon Overview and Level Annotations

Branches:
Dungeon (7/15)             Temple (1/1) D:4           Sewer (visited)

Altars:
Ashenzari
Cheibriados
Dithmenos
Elyvilon
Fedhas
Gozag
Hepliaklqana
Makhleb
Nemelex Xobeh
Okawaru
Qazlal
Ru
Trog
Uskayaw
Wu Jian
Xom
Yredelemnul
Zin
The Shining One

Annotations:
D:6 1 runed translucent door, Crazy Yiuf
D:7 Maggie


Message History

The floor.
Maggie casts a spell.
Maggie attempts to bespell you! You resist with almost no effort.
Maggie mumbles some strange words.
Maggie attempts to bespell you! You resist with almost no effort.
Maggie says, "If you die in the Dungeon, but nobody's around to see it, does it really matter?"
Maggie casts a spell at you. The bolt of fire hits you!!
Ouch! That really hurt!
Maggie casts a spell.
Maggie attempts to bespell you!
You are mesmerised by Maggie!
You cannot move away from Maggie!
Casting: Searing Ray (safe; 1% risk of failure)
Confirm with . or Enter, or press ? or * to list all spells.
You don't have enough magic to cast this spell.
Aiming: Magic Dart (safe; 1% risk of failure)
Press: ? - help, Q - select action, (/) - cycle Shift-Dir - straight line, f/p - Maggie
Aim: Maggie, wielding a +2 long sword of distortion and wearing +0 steam dragon scales (heavily wounded, mesmerising, 100% to hit)
The magic dart hits Maggie!
Maggie is severely wounded.
Magic courses through your body. Maggie gestures at you while chanting.
The bolt of fire hits you!
* * * LOW HITPOINT WARNING * * *
It was a potion of degeneration.
There was something very wrong with that liquid.
You feel weakened.
You feel dopey.
You feel clumsy.
Casting: Magic Dart (safe; 1% risk of failure)
Confirm with . or Enter, or press ? or * to list all spells.
Aiming: Searing Ray (safe; 1% risk of failure)
Press: ? - help, Shift-Dir - straight line, f/p - Maggie
Aim: Maggie, wielding a +2 long sword of distortion and wearing +0 steam dragon scales (severely wounded, mesmerising, 83% to hit)
The searing ray hits Maggie.
Maggie is severely wounded. (Press . to maintain the ray.)
The searing ray hits Maggie!
Maggie is almost dead.
Maggie hits you with a +2 long sword of distortion!
You die...

### #.# #@# #.#
#.# #.#
##.####.####.#
#.........@..#
####.###.#######
8.8 #....# #.# ...
##..## #.# 8.8
#..# #@# #.# #..#
#@# #.# #..# #.#
#.#####..####.#
#.#...........#
####.#.###........
......(....#######
############


You could see Maggie (mesmerising).

Vanquished Creatures
  Grinder (D:4)
  Sigmund (D:5)
  A water moccasin (Sewer)
  An orc warrior (D:6)
  An ice beast (D:5)
  A necrophage (D:4)
  4 ogres
  A centaur (D:7)
  2 phantoms
  2 bullfrogs
  2 scorpions (D:4)
  A wyvern zombie (D:5)
  2 centaur zombies
  A jelly (D:4)
  A hound (D:5)
  2 orc priests (D:6)
  2 centaur skeletons
  3 iguanas
  Natasha (thrice) (D:2)
  3 orc wizards
  A howler monkey skeleton (D:5)
  4 adders
  A river rat (D:3)
  A white imp (D:5)
  3 ufetubi
  An adder skeleton (D:4)
  2 worms (D:2)
  A dart slug (D:3)
  13 orcs
  2 ball pythons
  6 bats
  4 endoplasms
  7 giant cockroaches
  4 goblins
  6 hobgoblins
  5 jackals
  4 quokkas
  3 frilled lizards
  9 kobolds
  8 rats
120 creatures vanquished.

Vanquished Creatures (others)
  15 fulminant prisms
15 creatures vanquished.

Grand Total: 135 creatures vanquished

Notes
Turn   | Place    | Note
-------+----------+-------------------------------------------
     0 | D:1      | Plasmagod the Deep Elf Conjurer began the quest for the
                  | Orb.
     0 | D:1      | Reached XP level 1. HP: 10/10 MP: 6/6
   477 | D:1      | Reached XP level 2. HP: 15/15 MP: 5/8
   548 | D:1      | Learned a level 2 spell: Searing Ray
   854 | D:2      | Reached skill level 5 in Conjurations
   968 | D:2      | Noticed Natasha
   973 | D:2      | Killed Natasha
   973 | D:2      | Noticed Natasha
   974 | D:2      | Reached XP level 3. HP: 19/19 MP: 0/9
  1000 | D:2      | Killed Natasha
  1001 | D:2      | Reached XP level 4. HP: 7/24 MP: 2/11
  1442 | D:2      | Noticed Natasha
  1446 | D:2      | Killed Natasha
  2115 | D:3      | Found a faded altar of an unknown god.
  2595 | D:3      | Reached XP level 5. HP: 28/28 MP: 9/12
  2606 | D:3      | Found a glowing drain.
  2614 | Sewer    | Entered a sewer
  2766 | Sewer    | Noticed a water moccasin
  2776 | Sewer    | Killed a water moccasin
  2777 | Sewer    | Reached skill level 1 in Armour
  2777 | Sewer    | Reached skill level 4 in Spellcasting
  2777 | Sewer    | Reached skill level 1 in Translocations
  3522 | D:4      | Reached XP level 6. HP: 32/32 MP: 10/15
  3685 | D:4      | Reached skill level 5 in Spellcasting
  3725 | D:4      | Found a staircase to the Ecumenical Temple.
  3751 | Temple   | Entered the Ecumenical Temple
  4337 | D:4      | Reached XP level 7. HP: 26/36 MP: 10/17
  4377 | D:4      | Reached skill level 6 in Spellcasting
  4459 | D:4      | Learned a level 4 spell: Fulminant Prism
  4463 | D:4      | Learned a level 3 spell: Gell's Gravitas
  4593 | D:4      | Found a hide-covered altar of Uskayaw.
  4593 | D:4      | Found a stormy altar of Qazlal.
  4594 | D:4      | Found a broken altar of Ashenzari.
  4663 | D:4      | Noticed Grinder
  4670 | D:4      | Learned a level 4 spell: Iskenderun's Mystic Blast
  4675 | D:4      | Paralysed by Grinder for 7 turns
  4686 | D:4      | Killed Grinder
  5050 | D:5      | Entered Level 5 of the Dungeon
  5223 | D:5      | Reached XP level 8. HP: 16/42 MP: 6/20
  5289 | D:5      | Reached skill level 1 in Staves
  5560 | D:5      | Reached skill level 7 in Spellcasting
  5786 | D:5      | Found an opulent altar of Gozag.
  6018 | D:5      | Noticed Sigmund
  6026 | D:5      | Killed Sigmund
  6209 | D:6      | Noticed a brown ugly thing
  6547 | D:6      | Found a runed translucent door.
  6548 | D:6      | Noticed Crazy Yiuf
  6737 | D:5      | Reached skill level 8 in Spellcasting
  7535 | D:6      | Reached XP level 9. HP: 46/46 MP: 15/23
  7541 | D:6      | Reached skill level 1 in Hexes
  7938 | D:7      | Learned a level 3 spell: Dazzling Flash
  7950 | D:7      | Reached skill level 9 in Spellcasting
  8106 | D:7      | Noticed Maggie
  8135 | D:7      | Slain by Maggie

Illustrated notes

Levels and vault maps discovered:
D:1:      nicolae_arrival_somewhat_less_tricky_arrival, layout_basic
D:2:      layout_basic, minmay_circle_x, uniq_natasha
D:3:      layout_basic, hellmonk_ecumenical_altar_heavens_door,
          portal_sewer_entry_e
D:4:      layout_basic, gammafunk_temple_overflow_claw,
          minmay_temple_entry_grid, uniq_grinder
D:5:      layout_loops_ring, nicolae_gozag_seed_capital, uniq_sigmund
D:6:      layout_cave_pools, chequers_jeans, uniq_crazy_yiuf_cottage
D:7:      layout_loops_ring, kennysheep_orc_sif_temple,
          minmay_misc_feat_ornament, uniq_maggie, uniq_pikel
Temple:   regret_index_temple_generic_petals

Skill      XL: |  1  2  3  4  5  6  7  8  9 |
---------------+----------------------------+-----
Conjurations   | 5 6 7 8 |  8.1
Stealth        | 3 4 |  4.5
Dodging        | 3 4 |  4.2
Armour         | 1 2 3 |  3.5
Spellcasting   | 4 5 6 8 9 |  9.1
Translocations | 1 3 4 |  4.6
Staves         | 1 |  1.7
Hexes          | 1 |  1.2
Fighting       | |  0.8
Unarmed Combat | |  0.2

Action                   |  1- 3 |  4- 6 |  7- 9 || total
-------------------------+-------+-------+-------++-------
Melee: Unarmed           |     5 |       |       ||     5
       Staff             |       |    24 |    20 ||    44
       Punch             |       |       |     2 ||     2
 Cast: Magic Dart        |    31 |    93 |    83 ||   207
       Searing Ray       |     2 |    12 |    30 ||    44
       Iskenderun's Myst |       |       |    13 ||    13
       Fulminant Prism   |       |       |    15 ||    15
       Gell's Gravitas   |       |       |     1 ||     1
  Use: Potion            |     1 |     1 |     2 ||     4
       Scroll            |       |     7 |     1 ||     8
Armor: Robe              |     4 |    15 |    22 ||    41
Dodge: Dodged            |     7 |    16 |    31 ||    54
